 Dungeon Crawl Stone Soup version 0.24.0-123-gd5b16e6ec5 (webtiles) character file.

Game seed: 7698866049592703827, levelgen mode: deterministic

1993 Norian the Thaumaturge (level 9, 0/45 HPs)
             Began as a Deep Elf Conjurer on Dec 19, 2019.
             Was a Believer of Vehumet.
             Succumbed to an orc warrior's poison
             ... on level 7 of the Dungeon.
             The game lasted 00:18:32 (5999 turns).

Norian the Thaumaturge (Deep Elf Conjurer)          Turns: 5999, Time: 00:18:33

Health: 0/45       AC:  6    Str: 10    XL:     9   Next: 1%
Magic:  1/24       EV: 13    Int: 21    God:    Vehumet [**....]
Gold:   314        SH:  0    Dex: 24    Spells: 17/26 levels left

rFire    . . .     SeeInvis .   n - staff of energy
rCold    . . .     Gourm    .   (no shield)
rNeg     . . .     Faith    .   z - +3 robe "Wifast" {Dex+7}
rPois    .         Spirit   .   (no helmet)
rElec    .         Reflect  .   (no cloak)
rCorr    .         Harm     .   (no gloves)
MR       .....                  p - +0 pair of boots
Stlth    +++.......             (no amulet)
HPRegen  0.15/turn              b - +2 ring of strength
MPRegen  0.19/turn              y - +2 ring of dexterity

@: lethally poisoned (0 -> -4), berserk cooldown, very slightly contaminated
A: no striking features
a: Renounce Religion


You were on level 7 of the Dungeon.
You worshipped Vehumet.
Vehumet was pleased with you.
You were hungry.

You visited 1 branch of the dungeon, and saw 7 of its levels.
You also visited: Sewer.

You collected 314 gold pieces.

Inventory:

Armour
 i - a +0 helmet
 p - a +0 pair of boots (worn)
 x - the +1 ring mail "Miax" {rC++}
   (You found it on level 5 of the Dungeon)

   It greatly protects you from cold.
 z - the +3 robe "Wifast" (worn) {Dex+7}
   (You found it on level 5 of the Dungeon)

   It affects your dexterity (+7).
 A - the -6 helmet "Wipnafat" {SInv Stlth+}
   (You found it on level 5 of the Dungeon)

   It lets you see invisible.
   It makes you more stealthy.
Magical Staves
 n - an uncursed staff of energy (weapon)
Jewellery
 b - a +2 ring of strength (left hand)
 e - an uncursed ring of ice
 y - a +2 ring of dexterity (right hand)
 E - an uncursed ring of ice
Wands
 a - a wand of acid (4)
 h - a wand of random effects (14)
 m - a wand of enslavement (6)
 v - a wand of paralysis (8)
 F - a wand of iceblast (7)
Scrolls
 d - a scroll of fear
 f - a scroll of remove curse
 g - 4 scrolls of identify
 o - 2 scrolls of random uselessness {unknown}
 q - 2 scrolls of blinking {unknown}
 r - 3 scrolls of enchant weapon {unknown}
 s - 4 scrolls of enchant armour
 t - a scroll of fog {unknown}
 u - a scroll of amnesia {unknown}
 w - 2 scrolls of teleportation {unknown}
 B - a scroll of magic mapping {unknown}
Potions
 C - a potion of brilliance
Comestibles
 c - 11 rations


   Skills:
 + Level 2.9 Armour
 - Level 2.4 Dodging
 - Level 2.4 Stealth
 + Level 9.3 Spellcasting
 + Level 8.6 Conjurations
 - Level 5.2 Hexes
 + Level 3.9 Evocations


You had 17 spell levels left.
You knew the following spells:

 Your Spells              Type           Power        Failure   Level  Hunger
a - Magic Dart            Conj           ####         1%          1    None
b - Iskenderun's Mystic   Conj           #####...     1%          4    None
c - Fulminant Prism       Conj/Hex       #####.....   4%          4    None

Your spell library contained the following spells:

 Spells                   Type           Power        Failure   Level  Hunger
 Freeze                   Ice            #...         7%          1    None
 Corona                   Hex            ####...      1%          1    None
 Searing Ray              Conj           #####.       1%          2    None
 Slow                     Hex            ####....     1%          2    None
 Dazzling Spray           Conj/Hex       #####.       1%          3    None
 Confuse                  Hex            ####....     2%          3    None
 Tukima's Dance           Hex            ####....     2%          3    None
 Ensorcelled Hibernation  Hex/Ice        ###...       3%          2    None
 Inner Flame              Hex/Fire       ###.....     7%          3    None
 Portal Projectile        Hex/Tloc       ###...       7%          3    None
 Cause Fear               Hex            ####......   9%          4    None
 Force Lance              Conj/Tloc      ####....     12%         4    None
 Leda's Liquefaction      Hex/Erth       ###.......   24%         4    None


Dungeon Overview and Level Annotations

Branches:
Dungeon (7/15)             Temple (0/1) D:5           Sewer (visited)

Altars:
Ashenzari
Cheibriados
Gozag
Hepliaklqana
Nemelex Xobeh
Qazlal
Ru
Uskayaw
Vehumet


Message History

You kill the orc!
Vehumet accepts your kill.
Casting: Fulminant Prism (safe; 4% risk of failure)
Confirm with . or Enter, or press ? or * to list all spells.
Aiming: Iskenderun's Mystic Blast (safe; 1% risk of failure)
Press: ? - help, Shift-Dir - straight line, f - two-headed ogre
Aim: a two-headed ogre, wielding a +0 dire flail and a +0 giant club (moderately wounded)
The orb of energy hits the two-headed ogre!!
The two-headed ogre is severely wounded.
You feel yourself speed up.
Casting: Iskenderun's Mystic Blast (safe; 1% risk of failure)
Confirm with . or Enter, or press ? or * to list all spells.
You don't have enough magic to cast that spell.
As you read the scroll of fear, it crumbles to dust.
You assume a fearsome visage.
The crimson imp is unaffected.
The two-headed ogre looks frightened!
You feel less wooden.
Your +0 pair of boots unmelds from your body.
The +3 robe "Wifast" {Dex+7} unmelds from your body.
You die...

.....#......##)......#...........
##.####.##..##...............#...
#...# #...............#......#...
...####.........).)...##.........
.....##.........5...###........J.
#.#.............[.)####...##.....
####............)†.........#....F
#..........)†O).#..##........O
#.###........@..#...#.#.......
.... #.........### ......#.....
#...# ...........# ...####....
#...#.............. .# #......
##.. #.....[...... #......
#.............# ........
#............## ........
........[..... ....... ......


You could see a two-headed ogre (fleeing) and a crimson imp.

Vanquished Creatures
  A hippogriff (D:7)
  An orc warrior (D:7)
  4 centaurs
  An ogre (D:5)
  A crocodile (Sewer)
  A big kobold (D:5)
  3 bullfrogs
  A scorpion (D:4)
  3 killer bees (D:7)
  2 howler monkeys
  A centaur zombie (D:5)
  A quasit (D:5)
  2 crimson imps (D:6)
  A hound (D:7)
  3 jellies
  2 orc priests (D:3)
  2 orc wizards (D:7)
  5 worker ants
  A hound skeleton (D:7)
  9 adders
  A shadow imp (D:6)
  3 oozes
  An adder zombie (D:6)
  A worm (D:2)
  3 dart slugs
  6 leopard geckos
  15 orcs
  7 giant cockroaches
  7 goblins
  4 hobgoblins
  5 jackals
  3 quokkas
  5 ball pythons
  A ball python skeleton (D:5)
  8 bats
  3 frilled lizards
  8 kobolds
  5 rats
  A fulminant prism (D:7)
132 creatures vanquished.

Vanquished Creatures (others)
  15 fulminant prisms
15 creatures vanquished.

Grand Total: 147 creatures vanquished

Notes
Turn   | Place    | Note
-------+----------+-------------------------------------------
     0 | D:1      | Norian the Deep Elf Conjurer began the quest for the Orb.
     0 | D:1      | Reached XP level 1. HP: 10/10 MP: 6/6
   181 | D:1      | Reached XP level 2. HP: 15/15 MP: 2/8
   604 | D:1      | Reached skill level 4 in Spellcasting
   711 | D:1      | Reached skill level 5 in Conjurations
   711 | D:1      | Reached XP level 3. HP: 19/19 MP: 5/10
  1320 | D:2      | Found a hide-covered altar of Uskayaw.
  1334 | D:2      | Found a snail-covered altar of Cheibriados.
  1334 | D:2      | Found a radiant altar of Vehumet.
  1343 | D:2      | Became a worshipper of Vehumet
  1356 | D:2      | Found a sparkling altar of Nemelex Xobeh.
  1360 | D:2      | Found a hazy altar of Hepliaklqana.
  1424 | D:2      | Reached XP level 4. HP: 24/24 MP: 6/12
  1517 | D:3      | Reached skill level 5 in Spellcasting
  1555 | D:3      | HP: 1/36 [orc priest/divine providence (8)]
  1803 | D:3      | Found a stormy altar of Qazlal.
  1803 | D:3      | Noticed a fire elemental
  1863 | D:3      | Noticed an earth elemental
  1864 | D:3      | Noticed an air elemental
  1864 | D:3      | Noticed a water elemental
  1905 | D:3      | Reached XP level 5. HP: 28/28 MP: 6/14
  2119 | D:3      | Learned a level 4 spell: Iskenderun's Mystic Blast
  2124 | D:3      | Learned a level 4 spell: Fulminant Prism
  2461 | D:4      | Reached skill level 1 in Hexes
  2552 | D:4      | Found a glowing drain.
  2699 | Sewer    | Entered a sewer
  2761 | Sewer    | Noticed a crocodile
  2769 | Sewer    | Killed a crocodile
  2769 | Sewer    | Reached skill level 6 in Spellcasting
  2769 | Sewer    | Reached XP level 6. HP: 29/32 MP: 2/17
  3415 | D:5      | Entered Level 5 of the Dungeon
  3478 | D:5      | Reached * piety under Vehumet
  3478 | D:5      | Offered knowledge of Flame Tongue by Vehumet.
  3630 | D:5      | Reached XP level 7. HP: 22/36 MP: 4/19
  3781 | D:5      | Reached skill level 7 in Spellcasting
  3857 | D:5      | Got a twisted ring mail
  3874 | D:5      | Identified the cursed +1 ring mail "Miax" {rC++} (You found
                  | it on level 5 of the Dungeon)
  3967 | D:5      | Got a creamy pearl robe
  3979 | D:5      | Identified the +3 robe "Wifast" {Dex+7} (You found it on
                  | level 5 of the Dungeon)
  4038 | D:5      | Reached skill level 5 in Hexes
  4153 | D:5      | Got a steaming helmet
  4164 | D:5      | Identified the cursed -6 helmet "Wipnafat" {SInv Stlth+}
                  | (You found it on level 5 of the Dungeon)
  4227 | D:5      | Found a staircase to the Ecumenical Temple.
  4379 | D:5      | Found a sacrificial altar of Ru.
  4701 | D:6      | Found a stormy altar of Qazlal.
  4739 | D:6      | Found a shattered altar of Ashenzari.
  4845 | D:6      | Reached skill level 8 in Spellcasting
  4845 | D:6      | Reached skill level 1 in Evocations
  4847 | D:6      | Reached XP level 8. HP: 41/41 MP: 8/22
  4955 | D:6      | Reached skill level 1 in Armour
  5581 | D:7      | Noticed a hippogriff
  5680 | D:7      | Noticed a two-headed ogre
  5887 | D:7      | Found an opulent altar of Gozag.
  5956 | D:7      | Reached ** piety under Vehumet
  5959 | D:7      | Killed a hippogriff
  5959 | D:7      | Offered knowledge of Freeze by Vehumet.
  5959 | D:7      | Reached skill level 9 in Spellcasting
  5990 | D:7      | Reached XP level 9. HP: 6/45 MP: 10/24
  5993 | D:7      | HP: 3/67 [poisoned by an orc warrior]
  5996 | D:7      | HP: 1/67 [poisoned by an orc warrior]
  5999 | D:7      | Succumbed to an orc warrior's poison

Levels and vault maps discovered:
D:1:      minmay_arrival_four_circles, layout_loops_ring
D:2:      layout_basic, minmay_overflow_temple_star_hex
D:3:      layout_loops_cross, nicolae_qazlal_style_of_elements
D:4:      layout_loops_cross, gup_sewer_entry_glass
D:5:      layout_basic, minmay_temple_entry_purple_smoke, first_ration,
          chequers_serial_rivers_large_a, nicolae_ru_path_of_blood
D:6:      layout_cave_pods, ashenzari_conservatory_becter, basic_altar
D:7:      layout_cave_pools, nicolae_gozag_seed_capital, enter_bailey_2

Skill      XL: |  1  2  3  4  5  6  7  8 |
---------------+-------------------------+-----
Spellcasting   | 4 5 6 8 9 |  9.3
Conjurations   | 5 6 7 8 |  8.6
Hexes          | 2 3 5 |  5.2
Evocations     | 1 3 |  3.9
Armour         | 2 |  2.9
Dodging        | |  2.4
Stealth        | |  2.4

Action                   |  1- 3 |  4- 6 |  7- 9 || total
-------------------------+-------+-------+-------++-------
Melee: Dagger            |     5 |    30 |       ||    35
 Cast: Magic Dart        |    93 |   127 |    80 ||   300
       Iskenderun's Myst |       |     5 |    25 ||    30
       Fulminant Prism   |       |     3 |    13 ||    16
Evoke: Staff of energy   |       |     2 |    13 ||    15
       Wand              |       |       |     1 ||     1
  Use: Scroll            |       |     2 |     5 ||     7
       Potion            |       |     1 |     6 ||     7
  Eat: Chunk             |     1 |     5 |     3 ||     9
       Ration            |       |     1 |     1 ||     2
Armor: Skin              |       |     9 |    37 ||    46
       Robe              |       |    11 |     7 ||    18
Dodge: Dodged            |     3 |    43 |    26 ||    72
